 Dungeon Crawl Stone Soup version 0.30.0-29-ga12c61a403 (webtiles) character file.

Game seed: 5441989911963000535

795 Ijustatesigmund the Stinger (level 7, -3/43 HPs)
             Began as an Octopode Venom Mage on June 17, 2023.
             Slain by Pikel
             ... wielding a +0 whip of electrocution
              (13 damage)
             ... on level 4 of the Dungeon.
             The game lasted 00:09:25 (5774 turns).

Ijustatesigmund the Stinger (Octopode Venom Mage)   Turns: 5774, Time: 00:09:26

Health: -3/43      AC:  1    Str:  8    XL:     7   Next: 89%
Magic:  10/13      EV: 13    Int: 19    God:
Gold:   144        SH:  0    Dex: 18    Spells: 4/14 levels left

rFire   . . .        g - +2 flail (heavy)
rCold   + . .        (no shield)
rNeg    . . .        (helmet restricted)
rPois   .            (no amulet)
rElec   .            d - +6 ring of dexterity
rCorr   .            i - ring of protection from cold
SInv    .            (no ring)
Will    .....        (no ring)
Stlth   +++          (no ring)
HPRegen 0.27/turn    (no ring)
MPRegen 0.13/turn    (no ring)
                     (no ring)

%: no passive effects
@: no status effects
A: almost no armour, amphibious, 8 rings, camouflage 1, gelatinous body 1,
(nimble swimmer 1), tentacles
a: no special abilities


You were on level 4 of the Dungeon.
You visited 1 branch of the dungeon, and saw 5 of its levels.

You collected 194 gold pieces.
You spent 50 gold pieces at shops.

Inventory:

Hand Weapons
 g - a +2 heavy flail (weapon)
 k - a +0 war axe
Jewellery
 d - a +6 ring of dexterity (left tentacle)
 i - a ring of protection from cold (right tentacle)
Wands
 r - a wand of charming (5)
 s - a wand of flame (14)
Scrolls
 c - 4 scrolls of fear
 o - 2 scrolls of teleportation
 p - a scroll of enchant armour
 q - 3 scrolls of identify
Potions
 a - a potion of magic
 b - a potion of might
 e - 3 potions of haste {unknown}
 f - 2 potions of curing {unknown}
 h - a potion of mutation {unknown}
 j - 4 potions of heal wounds
 l - a potion of berserk rage {unknown}
 m - a potion of lignification {unknown}
 n - a potion of degeneration {unknown}
 t - a potion of attraction {unknown}


   Skills:
 - Level 1.5 Fighting
 - Level 1.1 Axes
 - Level 2.0 Dodging
 - Level 2.6 Stealth
 + Level 4.3 Spellcasting
 + Level 3.2 Conjurations
 - Level 1.0 Transmutations
 + Level 3.8 Air Magic
 + Level 6.3 Poison Magic


You had 4 spell levels left.
You knew the following spells:

 Your Spells              Type           Power      Damage    Failure   Level
a - Sting                 Tmut/Pois      72%        1d6       3%          1
b - Poisonous Vapours     Pois/Air       46%        N/A       2%          2
c - Mephitic Cloud        Conj/Pois/Air  21%        N/A       6%          3
d - Olgreb's Toxic Radia  Pois           28%        N/A       10%         4

Your spell library contained the following spells:

 Spells                   Type           Power      Damage    Failure   Level
 Momentum Strike          Conj/Tloc      20%        3d8       11%         2
 Blink                    Tloc           8%         N/A       21%         2
 Lesser Beckoning         Tloc           8%         N/A       21%         2


Dungeon Overview and Level Annotations

Branches:
Dungeon (5/15)
 Temple: D:4-7

Altars:
Elyvilon
Gozag
Makhleb
Qazlal
Vehumet
Zin

Shops:
D:3 !

Annotations:
D:3 3 runed translucent doors, lasso's ghost, weakling DECj
D:4 Pikel


Innate Abilities, Weirdness & Mutations

You cannot wear most types of armour.
You are amphibious.
You can wear up to eight rings at the same time.
Your skin changes colour to match your surroundings (Stealth+).
Your rubbery body absorbs attacks. (AC +1, EV +1)
((You are camouflaged when in or above water. (Stealth+)))
You have tentacles for arms and can constrict up to eight enemies at once.


Message History

Confirm with . or Enter, or press ? or * to list all spells.
Aiming: Poisonous Vapours (safe; 2% risk of failure)
Press: ? - help, Dir - move target, f - Pikel
Aim: Pikel, wielding a +0 whip of electrocution and wearing a +0 robe (wandering, hasn't noticed you) Poisonous vapours surround Pikel!
Pikel is poisoned.
Pikel shouts!
The lemure shouts!
You hear a shout! x2; You hear a howl!
A lemure comes into view.
The howler monkey hoots and howls with incredible vigour!
There is a stone staircase leading up here.
Pikel looks more healthy.
The howler monkey hits you! Pikel misses you.
You climb upwards.
There is a stone staircase leading down here.
Casting: Poisonous Vapours (safe; 2% risk of failure)
Confirm with . or Enter, or press ? or * to list all spells.
Aiming: Poisonous Vapours (safe; 2% risk of failure)
Press: ? - help, Dir - move target, f - Pikel
Aim: Pikel, wielding a +0 whip of electrocution and wearing a +0 robe (lightly wounded) Poisonous vapours surround Pikel!
Pikel is poisoned.
The howler monkey hits you but does no damage.
Pikel barely misses you. The howler monkey closely misses you.
Aiming: Charm
Press: ? - help, Shift-Dir - straight line, f - howler monkey, p - Pikel
Aim: a howler monkey (chance to affect: 57%)
The howler monkey is charmed.
Pikel completely misses you.
You closely miss Pikel. Your grab misses Pikel. You squeeze Pikel.
Pikel is lightly wounded.
Your howler monkey barely misses Pikel.
Pikel hits you with a +0 whip of electrocution.
Your howler monkey closely misses Pikel.
Pikel hits you with a +0 whip of electrocution!
You barely miss Pikel. You grab Pikel. You squeeze Pikel.
Pikel is moderately wounded.
You constrict Pikel, but do no damage.
Your howler monkey hits Pikel.
Pikel hits you with a +0 whip of electrocution.
You are electrocuted!
* * * LOW HITPOINT WARNING * * *
Your howler monkey hits Pikel.
Pikel hits you with a +0 whip of electrocution!
You die...

##### #### ### ##...#####..##
#########.## #....)).).#..##
#......#...#
##...†######..#####.........#
###...## ##...K.#.##''##..#
#...### ##.@h...#≈≈≈≈#.##
..### #..##..#≈8>≈#.# ###
#.)###.#≈._≈#.# # #..#
#.#≈≈≈≈#.## #..# #.######..#
#..# #.........## ##.#
####..###..## #.#
##.......#..##
#.###.........#..#


You could see Pikel (very poisoned, ally target) and a friendly howler monkey
(charmed).

Vanquished Creatures
  Eustachio (D:4)
  An ogre (D:5)
  A black bear (D:4)
  A phantom (D:5)
  A bullfrog (D:5)
  A scorpion (D:4)
  An orc priest (D:4)
  A gnoll bouda (D:5)
  Jessica (D:3)
  6 gnolls
  5 adders
  A shadow imp (D:5)
  10 orcs
  7 ball pythons
  6 bats
  9 endoplasms
  4 giant cockroaches
  6 hobgoblins
  6 quokkas
  5 frilled lizards
  7 goblins
  6 kobolds
  3 rats
90 creatures vanquished.

Vanquished Creatures (others)
  A gnoll (D:3)
1 creature vanquished.

Grand Total: 91 creatures vanquished

Notes
Turn   | Place    | Note
-------+----------+-------------------------------------------
     0 | D:1      | Ijustatesigmund the Octopode Venom Mage began the quest for
                  | the Orb.
     0 | D:1      | Reached XP level 1. HP: 11/11 MP: 3/3
   170 | D:1      | Reached XP level 2. HP: 18/18 MP: 0/5
   744 | D:1      | Reached skill level 1 in Fighting
   744 | D:1      | Reached skill level 4 in Poison Magic
   794 | D:1      | Learned a level 2 spell: Poisonous Vapours
  1194 | D:2      | Reached XP level 3. HP: 23/23 MP: 1/6
  1503 | D:2      | Reached skill level 1 in Air Magic
  1715 | D:2      | Reached XP level 4. HP: 28/28 MP: 4/7
  2315 | D:3      | Found Hiseruuk's Distillery.
  2405 | D:3      | Bought a potion of heal wounds for 50 gold pieces
  2408 | D:3      | Noticed Jessica
  2412 | D:3      | Killed Jessica
  2642 | D:3      | Found a runed translucent gate.
  2643 | D:3      | Found a runed translucent gate.
  2643 | D:3      | Noticed lasso's ghost (weakling DECj)
  2644 | D:3      | Found a runed translucent gate.
  2646 | D:3      | Identified the +8 whip of Breach {flame, rElec Int+5}
  2646 | D:3      | Identified the +2 ring mail of the Curious Coins {rPois
                  | Int-2 Dex+2}
  2790 | D:3      | Reached skill level 1 in Axes
  2790 | D:3      | Reached XP level 5. HP: 14/33 MP: 1/9
  2988 | D:3      | Learned a level 3 spell: Mephitic Cloud
  3144 | D:3      | Found a white marble altar of Elyvilon.
  3147 | D:3      | Found a radiant altar of Vehumet.
  3150 | D:3      | Found a stormy altar of Qazlal.
  3151 | D:3      | Found a burning altar of Makhleb.
  3539 | D:4      | Found an opulent altar of Gozag.
  3563 | D:4      | Noticed a black bear
  3571 | D:4      | Killed a black bear
  3572 | D:4      | Reached skill level 1 in Conjurations
  3572 | D:4      | Reached skill level 5 in Poison Magic
  3572 | D:4      | Reached XP level 6. HP: 25/38 MP: 1/10
  4120 | D:4      | Noticed Eustachio
  4301 | D:4      | Killed Eustachio
  4302 | D:4      | Reached XP level 7. HP: 31/43 MP: 2/12
  4546 | D:4      | Found a glowing silver altar of Zin.
  4546 | D:4      | Noticed an angel
  5196 | D:4      | Learned a level 4 spell: Olgreb's Toxic Radiance
  5217 | D:5      | Entered Level 5 of the Dungeon
  5350 | D:5      | Reached skill level 6 in Poison Magic
  5673 | D:5      | Identified the +2 mace of Corruption {antimagic, Will+
                  | Str+5}
  5762 | D:5      | Noticed Pikel
  5774 | D:4      | Slain by Pikel

Illustrated notes

Levels and vault maps discovered:
D:1:      minmay_arrival_up_and_down, layout_loops_ring, serial_aquarium,
          aquarium_bridge_square [aquarium_subvault_window,
          aquarium_subvault_balcony, aquarium_subvault_wall,
          aquarium_subvault_bridge], aquarium_bridge_square
          [aquarium_subvault_bridge, aquarium_subvault_balcony,
          aquarium_subvault_window, aquarium_subvault_bridge],
          aquarium_window_2, aquarium_window_corner, aquarium_view_2d,
          aquarium_view_2d, aquarium_pool_five
D:2:      layout_basic, serial_glass, glass_columns_c, glass_columns_b,
          glass_columns_b, glass_columns_c, due_unseen_surprise,
          feat_on_display, feat_on_display, item_on_display_a,
          minmay_randomly_rotated_circles
D:3:      layout_basic, minitemple, biasface_ghost_orc_armoury, serial_shops,
          shop, minmay_crystal_room, uniq_jessica
D:4:      layout_cave_pods, zin_angel, general_overflow_altar, uniq_eustachio
D:5:      layout_loops_ring, tso_altar, kennysheep_generic_room_15, uniq_pikel,
          uniq_edmund

Skill      XL: |  1  2  3  4  5  6  7 |
---------------+----------------------+-----
Fighting       | 1 |  1.5
Poison Magic   | 4 5 6 |  6.3
Air Magic      | 1 2 3 |  3.8
Axes           | 1 |  1.1
Spellcasting   | 3 4 |  4.3
Conjurations   | 1 2 3 |  3.2
Dodging        | |  2.0
Stealth        | |  2.6
Transmutations | |  1.0

Action                     |  1- 3 |  4- 6 |  7- 9 || total
---------------------------+-------+-------+-------++-------
  Melee: Unarmed           |    38 |       |       ||    38
         Constrict         |    15 |    16 |    10 ||    41
         Tentacles         |    19 |     9 |    12 ||    40
         Dagger            |    18 |       |       ||    18
         War axe           |     3 |    45 |     3 ||    51
         Punch             |       |     1 |     1 ||     2
         Flail             |       |       |    38 ||    38
   Cast: Sting             |    18 |     7 |     3 ||    28
         Poisonous Vapours |    13 |    30 |    15 ||    58
         Mephitic Cloud    |       |     1 |     3 ||     4
  Evoke: Wand              |       |     2 |     1 ||     3
    Use: Scroll            |     3 |     5 |     2 ||    10
   Stab: Sleeping          |     3 |     4 |       ||     7
         Confused          |       |     1 |     2 ||     3
 Armour: Skin              |     8 |     3 |     3 ||    14
  Dodge: Dodged            |    39 |    40 |    55 ||   134
